[Event "Titled Tuesday Blitz May 23 Early 2023"]
[White "Schnaider, Ilan"]
[Black "Srdanovic, Jovana"]
[WhiteFideId "169013"]
[BlackFideId "954810"]
[WhiteElo "2224"]
[BlackElo "2169"]
[Result "1-0"]
[Round "04"]
[TimeControl "180+2"]
[Date "2023.05.23"]
[WhiteClock "0:00:07"]
[BlackClock "0:00:08"]

1. e4 c5 2. Nf3 Nc6 3. Bb5 g6 4. O-O Bg7 5. c3 Nf6 6. Re1 O-O 7. d4 cxd4 8. cxd4 d5 9. e5 Ne4 10. Be3 f5 11. Nc3 Nxc3 12. bxc3 Bd7 13. Qb3 e6 14. Bg5 Qb6 15. Rab1 h6 16. Be7 Rfc8 17. Bc5 Qc7 18. c4 Na5 19. Qa4 Bxb5 20. cxb5 Nc4 21. Rec1 b6 22. Bb4 Qd7 23. h4 a5 24. Be1 Rc7 25. Nd2 Rac8 26. Nxc4 Rxc4 27. Qd1 Qe7 28. h5 g5 29. Rxc4 Rxc4 30. Rc1 Qc7 31. Rb1 Rc2 32. g3 Qc4 33. Bxa5 Rxa2 34. Bxb6 Bf8 35. Bc7 Qxc7 36. b6 Qb7 37. Qb3 Ra8 38. Qb5 Rc8 39. Ra1 Qc6 40. Qxc6 Rxc6 41. Rb1 Rc8 42. b7 Rb8 43. Rb6 Kf7 44. Kf1 Be7 45. Ke2 Ke8 46. Rxe6 Rxb7 47. Rxh6 f4 48. gxf4 gxf4 49. Rg6 Rb4 50. h6 Rb1 51. h7 Rh1 52. Rg8+ Kf7 53. h8=Q Rxh8 54. Rxh8 Ke6 55. Kf3 Bb4 56. Kxf4 Bc3 57. Rh6+ Kf7 58. Kf5 1-0


[Site "https://www.chess.com"]

[Event "Titled Tuesday Blitz May 23 Early 2023"]
[White "Shubenkova, Veronika"]
[Black "Hua, Lefong"]
[WhiteFideId "44124040"]
[BlackFideId "2602253"]
[WhiteElo "2060"]
[BlackElo "2649"]
[Result "1-0"]
[Round "04"]
[TimeControl "180+2"]
[Date "2023.05.23"]
[WhiteClock "0:00:06"]
[BlackClock "0:00:08"]

1. e4 c5 2. Nc3 g6 3. g3 Bg7 4. Bg2 Nc6 5. d3 d6 6. f4 e6 7. Nf3 Nge7 8. O-O O-O 9. Rb1 Nd4 10. Be3 Rb8 11. Ne2 Nec6 12. c3 Nxf3+ 13. Bxf3 b6 14. g4 d5 15. e5 Bb7 16. d4 Qe7 17. g5 Rfc8 18. Rf2 Ba6 19. Ng3 cxd4 20. Bxd4 Nxd4 21. Qxd4 Bf8 22. Kh1 Qc7 23. Rg2 Qc4 24. Qd2 Qxa2 25. Rbg1 Rd8 26. h4 d4 27. cxd4 Qa4 28. d5 exd5 29. h5 Qb4 30. hxg6 hxg6 31. Qd1 Qxf4 32. e6 fxe6 33. Rh2 Bg7 34. Bg4 Re8 35. Rh3 Rbc8 36. Re1 Rc6 37. Nf1 Bxf1 38. Rxf1 Qe4+ 39. Bf3 Qc2 40. Qe1 Qxb2 41. Qh4 Rc7 42. Qh7+ Kf8 43. Rh2 Qe5 44. Re2 Qxg5 45. Bxd5+ Rf7 46. Rxf7+ Kxf7 47. Rf2+ Ke7 48. Qxg7+ Kd6 49. Bg2 Qh4+ 50. Kg1 Re7 51. Rd2+ Kc7 52. Qc3+ Kb8 53. Rd8# 1-0


[Site "https://www.chess.com"]

[Event "Titled Tuesday Blitz May 23 Early 2023"]
[White "Chor, Kevin"]
[Black "Garakov, Mikhael"]
[WhiteFideId "2090740"]
[BlackFideId "4169034"]
[WhiteElo "2647"]
[BlackElo "2347"]
[Result "0-1"]
[Round "04"]
[TimeControl "180+2"]
[Date "2023.05.23"]
[WhiteClock "0:00:09"]
[BlackClock "0:00:11"]

1. e4 c5 2. Nf3 e6 3. d4 cxd4 4. Nxd4 Nc6 5. Nc3 Qc7 6. Be3 a6 7. Qf3 d6 8. O-O-O Bd7 9. Kb1 Nf6 10. Rg1 b5 11. g4 b4 12. Nce2 Ne5 13. Qh3 Nxe4 14. Bg2 d5 15. f3 Nd6 16. f4 Nec4 17. Bc1 Rb8 18. f5 e5 19. Nb3 d4 20. Rge1 Be7 21. Qg3 Nb5 22. Nexd4 exd4 23. Qxc7 Nxc7 24. Rxd4 Nb6 25. Rde4 Nc8 26. Bg5 f6 27. Bf4 Kd8 28. Rxe7 Nxe7 29. Bxc7+ Kxc7 30. Rxe7 Rhe8 31. Rxg7 Re2 32. Nc1 Rxg2 33. Rxh7 Rxg4 34. b3 Rbg8 35. Nd3 R8g7 36. Rh6 Bxf5 37. Nc5 R7g6 38. Rh5 R4g5 39. Rh7+ Kb6 40. Na4+ Kc6 41. Kb2 Rg2 0-1


[Site "https://www.chess.com"]

[Event "Titled Tuesday Blitz May 23 Early 2023"]
[White "Mouhamad, Joachim"]
[Black "Ilkhomi, Jaloliddin"]
[WhiteFideId "656410"]
[BlackFideId "14700948"]
[WhiteElo "2125"]
[BlackElo "2045"]
[Result "0-1"]
[Round "04"]
[TimeControl "180+2"]
[Date "2023.05.23"]
[WhiteClock "0:00:26"]
[BlackClock "0:01:43"]

1. e4 e6 2. d4 d5 3. Nc3 Bb4 4. e5 c5 5. a3 Bxc3+ 6. bxc3 Qa5 7. Bd2 Qa4 8. Qg4 Kf8 9. Qd1 Nc6 10. h4 Nge7 11. h5 h6 12. Rh4 Bd7 13. Nf3 c4 14. Rf4 Ke8 15. Nh4 Rf8 16. Ra2 b6 17. Qf3 Qb5 18. Ra1 Qb2 19. Rc1 Qxa3 20. Ng6 Nxg6 21. hxg6 fxg6 22. Qg4 Rxf4 23. Qxf4 Qe7 24. Qg4 Qf7 25. Rb1 Kd8 26. Be2 Kc7 27. Bf3 a5 28. Ke2 a4 29. Qh3 a3 30. Ra1 Qf5 31. Qh1 Qxc2 32. Qb1 Qxb1 33. Rxb1 Na5 34. Ra1 Nb3 35. Ra2 Be8 36. Kd1 g5 37. Bc1 Nxc1 38. Kxc1 Bg6 39. Bd1 Kc6 40. f3 b5 41. Bc2 Bxc2 42. Kxc2 b4 43. cxb4 Kb5 44. Kc3 h5 45. g3 g6 46. Kc2 Kxb4 47. Kb1 Kb3 48. f4 c3 49. fxg5 c2+ 50. Ka1 c1=Q# 0-1


[Site "https://www.chess.com"]

[Event "Titled Tuesday Blitz May 23 Early 2023"]
[White "Skliarov, Viktor"]
[Black "KorolDimitriy75"]
[WhiteFideId "14106736"]
[WhiteElo "2317"]
[BlackElo "2455"]
[Result "1-0"]
[Round "04"]
[TimeControl "180+2"]
[Date "2023.05.23"]
[WhiteClock "0:00:27"]
[BlackClock "0:00:00"]

1. e4 c5 2. Nf3 d6 3. d4 cxd4 4. Qxd4 a6 5. Be3 Nc6 6. Qd2 g6 7. Nc3 Bg7 8. O-O-O Nf6 9. e5 dxe5 10. Qxd8+ Nxd8 11. Nxe5 O-O 12. Na4 Be6 13. Nb6 Rb8 14. Be2 Nc6 15. Ned7 Nxd7 16. Nxd7 Bxd7 17. Rxd7 Rfd8 18. Rhd1 Rxd7 19. Rxd7 Kf8 20. c3 Ke8 21. Rd1 Rd8 22. Bb6 Rxd1+ 23. Bxd1 Kd7 24. Bf3 f5 25. Kc2 e5 26. b4 e4 27. Be2 Be5 28. g3 Bc7 29. Be3 h5 30. h4 Ne5 31. a4 Ng4 32. Bxg4 hxg4 33. c4 Be5 34. Kb3 Kc6 35. b5+ Kd6 36. Kb4 Bb2 37. c5+ Kd7 38. c6+ Kc7 39. cxb7 Kxb7 40. Kc4 axb5+ 41. axb5 Kc7 42. Kd5 Kd7 43. b6 Ba3 44. Bf4 1-0


[Site "https://www.chess.com"]

[Event "Titled Tuesday Blitz May 23 Early 2023"]
[White "Veleshnja, Zino"]
[Black "Jeet, Jain"]
[WhiteFideId "4701313"]
[BlackFideId "5073022"]
[WhiteElo "2216"]
[BlackElo "2067"]
[Result "0-1"]
[Round "04"]
[TimeControl "180+2"]
[Date "2023.05.23"]
[WhiteClock "0:00:09"]
[BlackClock "0:00:35"]

1. d4 c5 2. d5 Nf6 3. c4 d6 4. Nc3 g6 5. g3 Bg7 6. Bg2 a6 7. a4 O-O 8. Nf3 e5 9. O-O Ne8 10. e4 h6 11. Be3 f5 12. exf5 gxf5 13. Nh4 Nd7 14. f4 e4 15. Qc2 Ndf6 16. Rae1 Ng4 17. Nd1 Nxe3 18. Nxe3 Bd4 19. Kh1 Ng7 20. Bh3 b5 21. axb5 axb5 22. cxb5 Qb6 23. Nc4 Qxb5 24. Nxd6 Qxb2 25. Qxb2 Bxb2 26. Ng6 Ba6 27. Rf2 Bd4 28. Ra2 Rf6 29. Ne7+ Kf8 30. Nexf5 Nxf5 31. Nxf5 Re8 32. Nxd4 cxd4 33. Be6 Rfxe6 34. dxe6 Rxe6 35. Rea1 e3 36. Kg1 d3 37. Rb2 d2 38. f5 Rc6 0-1


[Site "https://www.chess.com"]

[Event "Titled Tuesday Blitz May 23 Early 2023"]
[White "Senft, Sean"]
[Black "koncheto"]
[WhiteFideId "2044960"]
[WhiteElo "1989"]
[BlackElo "2629"]
[Result "1-0"]
[Round "04"]
[TimeControl "180+2"]
[Date "2023.05.23"]
[WhiteClock "0:00:09"]
[BlackClock "0:00:02"]

1. d4 Nf6 2. c4 e6 3. Nc3 c5 4. d5 exd5 5. cxd5 d6 6. e4 g6 7. f4 Bg7 8. Bb5+ Nfd7 9. a4 O-O 10. Nf3 Na6 11. O-O Nc7 12. Bd3 b6 13. f5 Ba6 14. Bg5 Qc8 15. Be7 Bxd3 16. Qxd3 Ne5 17. Nxe5 Bxe5 18. Bxf8 Qxf8 19. fxg6 hxg6 20. Rf3 Qh6 21. Rh3 Qg5 22. Rf1 Re8 23. Qf3 Re7 24. Kh1 Qd2 25. Qg4 Qxb2 26. Qc8+ Ne8 27. Qd8 Bf6 28. Rhf3 Kg7 29. e5 Rxe5 30. Rxf6 Nxf6 31. Qxf6+ Kh6 32. Nd1 Re1 33. Qh4+ Kg7 34. Qxe1 Qd4 35. Qf2 Qxd5 36. Qf6+ Kh7 37. Ne3 Qd3 38. Qxf7+ Kh6 39. Qf4+ Kh7 40. Ng4 1-0


[Site "https://www.chess.com"]

[Event "Titled Tuesday Blitz May 23 Early 2023"]
[White "Vovk, Orest"]
[Black "Arabidze, Meri"]
[WhiteFideId "14113490"]
[BlackFideId "13604040"]
[WhiteElo "2215"]
[BlackElo "2405"]
[Result "1/2-1/2"]
[Round "04"]
[TimeControl "180+2"]
[Date "2023.05.23"]
[WhiteClock "0:00:03"]
[BlackClock "0:00:04"]

1. h4 d5 2. h5 h6 3. e4 dxe4 4. Nc3 Nf6 5. Qe2 Nc6 6. Nxe4 e6 7. Nf3 Be7 8. c3 Qd5 9. Nxf6+ Bxf6 10. d4 Bd7 11. Qb5 O-O-O 12. Qxd5 exd5 13. Bd3 Rhe8+ 14. Be3 Bg4 15. Kd2 Bxf3 16. gxf3 Nb8 17. Bf4 Nd7 18. Rae1 Nf8 19. Bb5 c6 20. Bd3 Ne6 21. Bf5 Kd7 22. Rhg1 Re7 23. Be5 Bxe5 24. Rxe5 Ke8 25. Bxe6 fxe6 26. Rg6 Kf7 27. f4 Rde8 28. Ke3 a5 29. Kf3 a4 30. Kg4 Kg8 31. f3 Kf7 32. f5 exf5+ 33. Kxf5 Kg8 34. f4 Rf7+ 35. Kg4 Ref8 36. f5 Kh7 37. Rge6 Kg8 38. a3 Kh7 39. Re7 Kg8 40. Re8 Rxe8 41. Rxe8+ Kh7 42. Ra8 Re7 43. Rxa4 Re4+ 44. Kg3 Re3+ 45. Kf4 Re4+ 46. Kf3 Rh4 47. Ra7 Rxh5 48. Kg4 Rg5+ 49. Kf4 Rg1 50. Rxb7 h5 51. Ke5 h4 52. f6 h3 53. f7 Rf1 54. Ke6 h2 55. Rb8 h1=Q 56. f8=Q Rxf8 57. Rxf8 Qe4+ 58. Kd6 Qc2 59. Kxc6 Qxb2 60. Kxd5 Qxc3 61. Rf4 Qb3+ 62. Ke5 Qxa3 63. d5 Qe3+ 64. Re4 Qc3+ 65. Ke6 g5 66. d6 Qc6 67. Re5 Qc4+ 68. Ke7 Qf4 69. Re6 g4 70. d7 Qg5+ 71. Ke8 Qg8+ 72. Ke7 Qg7+ 73. Ke8 Qg8+ 74. Ke7 Qg5+ 75. Ke8 Qb5 76. Ke7 Qc5+ 77. Ke8 Qb5 78. Ke7 Qb4+ 79. Ke8 Qa4 80. Ke7 Qa3+ 81. Rd6 Qe3+ 82. Re6 Qc5+ 83. Ke8 Qb5 1/2-1/2


[Site "https://www.chess.com"]

[Event "Titled Tuesday Blitz May 23 Early 2023"]
[White "Isajevsky, Anton"]
[Black "Mazarini41"]
[WhiteFideId "4142500"]
[WhiteElo "2510"]
[BlackElo "2439"]
[Result "1-0"]
[Round "04"]
[TimeControl "180+2"]
[Date "2023.05.23"]
[WhiteClock "0:00:09"]
[BlackClock "0:00:04"]

1. c4 Nf6 2. Nf3 g6 3. Nc3 Bg7 4. e4 d6 5. d4 O-O 6. h3 e5 7. d5 Nh5 8. Nh2 Nf4 9. Be3 f5 10. g3 fxe4 11. gxf4 exf4 12. Bd4 Bf5 13. Bxg7 Kxg7 14. Qd4+ Kg8 15. O-O-O c5 16. dxc6 Nxc6 17. Qxd6 Qg5 18. f3 Rad8 19. Qc5 Rxd1+ 20. Nxd1 Qg3 21. Qf2 exf3 22. Nxf3 Rd8 23. Qxg3 fxg3 24. Rg1 Nb4 25. Nc3 Re8 26. Rxg3 Re3 27. Kd2 Re8 28. a3 Nc6 29. Nd5 Kg7 30. Bd3 Be6 31. Ng5 Bg8 32. Re3 Rd8 33. Nf4 Nd4 34. Kc3 Nc6 35. Nge6+ 1-0


[Site "https://www.chess.com"]

[Event "Titled Tuesday Blitz May 23 Early 2023"]
[White "Iskusnyh, Sergei"]
[Black "Kovalevsky, Stanislav"]
[WhiteFideId "4120027"]
[BlackFideId "13508598"]
[WhiteElo "2492"]
[BlackElo "2174"]
[Result "0-1"]
[Round "04"]
[TimeControl "180+2"]
[Date "2023.05.23"]
[WhiteClock "0:00:00"]
[BlackClock "0:00:02"]

1. d4 Nf6 2. c4 e6 3. g3 d5 4. Bg2 Nbd7 5. Qc2 dxc4 6. Nd2 Nb6 7. Ngf3 c5 8. Nxc4 cxd4 9. O-O d3 10. Qxd3 Qxd3 11. exd3 Nbd5 12. Bd2 Be7 13. Rac1 O-O 14. Nfe5 Rd8 15. Ba5 Re8 16. Bd2 h6 17. a3 Bf8 18. Na5 Rb8 19. b4 a6 20. Rc2 Nd7 21. Nec4 b6 22. Nc6 Rb7 23. Ne3 N7f6 24. Rfc1 Bd7 25. Nxd5 Nxd5 26. Bxd5 exd5 27. Be3 Bd6 28. h4 f6 29. Nd4 Be5 30. Nf3 Bd6 31. Nd4 Be5 32. Ne2 Bd6 33. Nf4 Bf5 34. Nxd5 Bxd3 35. Rd2 Be4 36. Nxf6+ gxf6 37. Rxd6 Rbe7 38. Rxf6 Kg7 39. Rxb6 Bf3 40. Bxh6+ Kh7 41. Be3 Rd8 42. Bg5 Rc8 43. Rf1 Re2 44. Be3 Rcc2 45. Re6 Kg7 46. h5 Kf7 47. Re5 Kf6 0-1


[Site "https://www.chess.com"]

[Event "Titled Tuesday Blitz May 23 Early 2023"]
[White "Tasev, Dejan"]
[Black "Jakubowska, Anna"]
[WhiteFideId "936618"]
[BlackFideId "1121952"]
[WhiteElo "2244"]
[BlackElo "2001"]
[Result "1-0"]
[Round "04"]
[TimeControl "180+2"]
[Date "2023.05.23"]
[WhiteClock "0:00:33"]
[BlackClock "0:00:19"]

1. e4 c6 2. d4 d5 3. Nc3 dxe4 4. Nxe4 Nf6 5. Nxf6+ exf6 6. c3 Bd6 7. Bd3 O-O 8. Qc2 Re8+ 9. Ne2 h5 10. h3 Nd7 11. O-O Nf8 12. Bd2 g6 13. Rae1 f5 14. f4 b5 15. b3 Bb7 16. Kh1 Qh4 17. Kh2 Re7 18. g3 Qf6 19. h4 Rae8 20. Ng1 c5 21. Bxb5 Rxe1 22. Rxe1 Rxe1 23. Bxe1 cxd4 24. Bf1 Ne6 25. Bg2 Bxg2 26. Kxg2 Qd8 27. Nf3 Qa8 28. Qd3 Bxf4 29. cxd4 Bd6 30. d5 Nc5 31. Qd4 Qe8 32. Bc3 Qe2+ 33. Kg1 Kf8 34. Qh8+ Ke7 35. Bf6+ Kd7 36. Qd8# 1-0


[Site "https://www.chess.com"]

[Event "Titled Tuesday Blitz May 23 Early 2023"]
[White "Agibileg, Uurtsaikh"]
[Black "Kotepalli, Sai Nirupama"]
[WhiteFideId "4901606"]
[BlackFideId "5039444"]
[WhiteElo "2353"]
[BlackElo "2405"]
[Result "1-0"]
[Round "04"]
[TimeControl "180+2"]
[Date "2023.05.23"]
[WhiteClock "0:02:29"]
[BlackClock "0:00:54"]

1. d4 g6 2. c4 Bg7 3. e4 d6 4. Nc3 Nf6 5. Be2 O-O 6. Nf3 c5 7. O-O cxd4 8. Nxd4 Nc6 9. Be3 Nxd4 10. Bxd4 Nd7 11. Bxg7 Kxg7 12. Qd4+ Kg8 13. Rfd1 Re8 14. Rac1 Nb6 15. h4 h5 16. c5 Nd7 17. cxd6 exd6 18. Qxd6 Qxh4 19. Nd5 Qxe4 20. Bf3 Qe5 21. Nc7 Nb6 22. Qxe5 Rxe5 23. Nxa8 1-0


[Site "https://www.chess.com"]

[Event "Titled Tuesday Blitz May 23 Early 2023"]
[White "Manukyan, Sargis A."]
[Black "Van Foreest, Machteld"]
[WhiteFideId "13303970"]
[BlackFideId "1051563"]
[WhiteElo "2187"]
[BlackElo "2018"]
[Result "1-0"]
[Round "04"]
[TimeControl "180+2"]
[Date "2023.05.23"]
[WhiteClock "0:00:38"]
[BlackClock "0:00:21"]

1. d4 d5 2. c4 c6 3. Nc3 Nf6 4. e3 Bf5 5. cxd5 cxd5 6. Qb3 Qb6 7. Nxd5 Qxb3 8. Nxf6+ exf6 9. axb3 Bc2 10. Bc4 Nd7 11. Bd2 Nb6 12. Ne2 Nxc4 13. bxc4 Bd3 14. c5 Kd7 15. b4 Be7 16. f3 f5 17. Kf2 g5 18. Bc3 Rhd8 19. Rhd1 Bc4 20. d5 a5 21. d6 Bf8 22. bxa5 g4 23. Rab1 Kc6 24. Nd4+ Kxc5 25. Rxb7 Bd5 26. Bb4+ Kc4 27. Rc1+ Kd3 28. Rc3+ 1-0


[Site "https://www.chess.com"]

[Event "Titled Tuesday Blitz May 23 Early 2023"]
[White "Lopez Mulet, Inigo"]
[Black "Matveeva, Olga"]
[WhiteFideId "22235620"]
[BlackFideId "24107018"]
[WhiteElo "2289"]
[BlackElo "2009"]
[Result "0-1"]
[Round "04"]
[TimeControl "180+2"]
[Date "2023.05.23"]
[WhiteClock "0:00:19"]
[BlackClock "0:00:12"]

1. e4 e6 2. d4 d5 3. Nc3 Nf6 4. e5 Nfd7 5. f4 c5 6. Nf3 Nc6 7. Be3 cxd4 8. Nxd4 Bc5 9. Qd2 O-O 10. O-O-O a6 11. h4 Bxd4 12. Bxd4 b5 13. Ne2 b4 14. h5 a5 15. f5 Ndxe5 16. Nf4 exf5 17. h6 g6 18. Bc5 Re8 19. Nxd5 Be6 20. Bb5 Rb8 21. Ba4 Nc4 22. Qd3 N6e5 23. Ne7+ Kh8 24. Qg3 Qc7 25. Qg5 Ng4 26. Bd4+ Nce5 27. Bxe8 Rxe8 28. Nc6 f6 29. Nxe5 fxg5 30. Nxg4+ Kg8 31. Nf6+ Kf7 32. Nxh7 Qf4+ 33. Kb1 Rc8 34. Rhf1 Qc7 35. Nxg5+ Ke7 36. Rd2 Qc4 37. Re1 Qxa2+ 38. Kc1 Qa1# 0-1


[Site "https://www.chess.com"]

[Event "Titled Tuesday Blitz May 23 Early 2023"]
[White "Rangel, Daniel"]
[Black "Lewicki, Miroslaw"]
[WhiteFideId "2124475"]
[BlackFideId "1113380"]
[WhiteElo "2256"]
[BlackElo "2212"]
[Result "0-1"]
[Round "04"]
[TimeControl "180+2"]
[Date "2023.05.23"]
[WhiteClock "0:00:01"]
[BlackClock "0:01:26"]

1. d4 g6 2. c4 Bg7 3. Nc3 Nf6 4. e4 d6 5. Nf3 O-O 6. Be2 b6 7. O-O Bb7 8. d5 Nbd7 9. Nd4 Re8 10. b4 e5 11. Nc6 Bxc6 12. dxc6 Nf8 13. Nd5 Nxe4 14. Bb2 Ne6 15. Qc2 f5 16. f3 Nf6 17. Rae1 a5 18. b5 Nc5 19. g4 Nxd5 20. cxd5 e4 21. gxf5 Bxb2 22. Qxb2 Qg5+ 23. Kh1 Qxf5 24. fxe4 Qxe4+ 25. Bf3 Qxe1 26. Rxe1 Rxe1+ 27. Kg2 Rf8 28. Qd2 Re5 29. Qd1 Ref5 30. Bg4 Rf2+ 31. Kh3 h5 32. Be6+ Kh7 33. Qa1 Ne4 34. Qg1 R8f3+ 35. Kh4 Kh6 36. Qc1+ g5+ 37. Qxg5+ Nxg5 38. Bg8 Rxh2# 0-1


[Site "https://www.chess.com"]

[Event "Titled Tuesday Blitz May 23 Early 2023"]
[White "Rodriguez Santiago, Jaime"]
[Black "Kleiman, Jake"]
[WhiteFideId "3100898"]
[BlackFideId "2020041"]
[WhiteElo "2025"]
[BlackElo "2612"]
[Result "0-1"]
[Round "04"]
[TimeControl "180+2"]
[Date "2023.05.23"]
[WhiteClock "0:00:39"]
[BlackClock "0:00:41"]

1. c4 e6 2. Nf3 Nf6 3. g3 d5 4. Bg2 dxc4 5. O-O a6 6. a4 Nc6 7. Na3 Bxa3 8. Rxa3 e5 9. d3 cxd3 10. Rxd3 Qe7 11. Rc3 O-O 12. Qc2 Be6 13. Rxc6 bxc6 14. Nxe5 Bd5 15. Nxc6 Qe6 16. Bxd5 Nxd5 17. Qc4 Rfe8 18. Nd4 Qe5 19. e3 h5 20. h4 Nf6 21. b3 Ne4 22. Kg2 c5 23. Nf3 Qe6 24. Qxe6 Rxe6 25. Ba3 Rb8 26. Rc1 Rxb3 0-1


[Site "https://www.chess.com"]

[Event "Titled Tuesday Blitz May 23 Early 2023"]
[White "Szabo, Marcell"]
[Black "Smith, Shreyas"]
[WhiteFideId "2072033"]
[BlackFideId "7400713"]
[WhiteElo "1795"]
[BlackElo "2151"]
[Result "0-1"]
[Round "04"]
[TimeControl "180+2"]
[Date "2023.05.23"]
[WhiteClock "0:00:27"]
[BlackClock "0:00:09"]

1. e4 c5 2. Nf3 Nc6 3. b4 Nxb4 4. c3 Nc6 5. d4 cxd4 6. cxd4 g6 7. Bc4 Bg7 8. O-O d6 9. h3 Nf6 10. Nc3 O-O 11. Rb1 Bd7 12. Re1 Rc8 13. Bb3 e5 14. Nb5 Be8 15. Ba3 Nxd4 16. Nfxd4 exd4 17. Bxd6 Bxb5 18. Bxf8 Qxf8 19. e5 Nh5 20. Qxd4 Bc6 21. Qxa7 Nf4 22. f3 Qe7 23. e6 fxe6 24. Qf2 Qg5 25. Bxe6+ Nxe6 26. Rxe6 Qf5 27. Rbe1 h5 28. Qg3 Kh7 29. Re7 Kh6 30. h4 Bf6 31. R7e6 Rd8 32. Kh1 Rd4 33. R6e4 Bxe4 34. fxe4 Rxe4 35. Rxe4 Qxe4 36. Qb3 Qe1+ 37. Kh2 Qxh4+ 38. Kg1 Qe1+ 39. Kh2 Be5+ 40. g3 Qf2+ 41. Kh3 Qf1+ 42. Kh2 Qe2+ 43. Kh3 Qg4+ 44. Kg2 Qxg3+ 45. Qxg3 Bxg3 46. Kxg3 g5 47. Kh3 h4 48. Kg4 b5 49. a4 bxa4 50. Kf5 a3 51. Kg4 a2 52. Kh3 a1=Q 53. Kg4 Qd4+ 54. Kf5 Qf4+ 55. Ke6 g4 56. Ke7 g3 57. Ke6 g2 58. Ke7 g1=Q 59. Ke6 Qe1+ 60. Kd7 Qfd2+ 61. Kc8 Qec1+ 62. Kb7 Qdb2+ 63. Ka8 Qca1# 0-1


[Site "https://www.chess.com"]

[Event "Titled Tuesday Blitz May 23 Early 2023"]
[White "Leschinsky, Gary"]
[Black "Al-Tarboush, Ward"]
[WhiteFideId "30951321"]
[BlackFideId "7601450"]
[WhiteElo "1855"]
[BlackElo "2265"]
[Result "1-0"]
[Round "04"]
[TimeControl "180+2"]
[Date "2023.05.23"]
[WhiteClock "0:00:13"]
[BlackClock "0:00:33"]

1. d4 Nf6 2. c4 b6 3. Nc3 Bb7 4. f3 d5 5. cxd5 Nxd5 6. Nxd5 Qxd5 7. e4 Qd7 8. Be3 e5 9. dxe5 Bb4+ 10. Kf2 O-O 11. a3 Be7 12. Bc4 Rd8 13. Qxd7 Nxd7 14. e6 Ne5 15. exf7+ Kf8 16. Be2 Bf6 17. f4 Nxf7 18. e5 Bh4+ 19. Kf1 Nh6 20. Bf3 Ba6+ 21. Be2 Nf5 22. Bxa6 Nxe3+ 23. Ke2 Nxg2 24. Nh3 Rd4 25. Bb7 Rad8 26. Bxg2 Rd2+ 27. Kf3 R8d3+ 28. Kg4 Rxg2+ 29. Kxh4 h6 30. Rad1 Rb3 31. Rhg1 Rxh2 32. Rg3 g5+ 33. fxg5 hxg5+ 34. Kg4 Rxg3+ 35. Kxg3 Rxb2 36. Nxg5 Rb3+ 37. Kf4 Ke7 38. Rh1 Rxa3 39. Rh7+ Kd8 40. Kf5 Ra1 41. e6 Rf1+ 42. Ke5 Re1+ 43. Ne4 a5 44. Kd5 Rd1+ 45. Kc6 Rc1+ 46. Kb7 Rf1 47. Rd7+ Ke8 48. Rxc7 Re1 49. Nd6+ Kf8 50. Rf7+ Kg8 51. e7 a4 52. Rf8+ Kg7 53. e8=Q Rxe8 54. Rxe8 b5 55. Nxb5 Kf7 56. Re3 Kf6 57. Ra3 Ke5 58. Rxa4 Kd5 59. Kb6 Ke6 60. Ra6 Kd5 61. Ra7 Kc4 62. Rc7+ Kb4 63. Rc5 Ka4 64. Nd6 Kb4 65. Rb5+ Ka4 66. Kc5 Ka3 67. Rb4 Ka2 68. Kc4 Ka3 69. Kc3 Ka2 70. Rb3 Ka1 71. Kc2 Ka2 72. Rh3 1-0


[Site "https://www.chess.com"]

[Event "Titled Tuesday Blitz May 23 Early 2023"]
[White "Bashirli, Saadat"]
[Black "djokovic74"]
[WhiteFideId "13429990"]
[WhiteElo "1408"]
[BlackElo "2597"]
[Result "0-1"]
[Round "04"]
[TimeControl "180+2"]
[Date "2023.05.23"]
[WhiteClock "0:00:03"]
[BlackClock "0:00:20"]

1. d4 e6 2. e3 Nf6 3. f4 d5 4. Nf3 c5 5. c3 Bd6 6. Bd3 Nbd7 7. Nbd2 cxd4 8. cxd4 O-O 9. O-O b6 10. Ne5 Bb7 11. Qe2 Rc8 12. b3 Ne4 13. Nxe4 dxe4 14. Bb5 Nf6 15. Bb2 Nd5 16. Rac1 f6 17. Nc4 Bb8 18. Nd2 f5 19. Rxc8 Qxc8 20. Rc1 Qd8 21. Bc4 Qd7 22. a4 Bd6 23. Bxd5 Bxd5 24. Nc4 Rc8 25. Nxd6 Rxc1+ 26. Bxc1 Qxd6 27. Qb5 h6 28. Qe8+ Kh7 29. Qb5 Qc7 30. Ba3 Qc3 31. h3 Qxe3+ 32. Kh1 Qxf4 33. Qd7 e3 34. Bf8 Qf1+ 35. Kh2 Qxg2# 0-1


[Site "https://www.chess.com"]

[Event "Titled Tuesday Blitz May 23 Early 2023"]
[White "Novik, Maxim"]
[Black "Tsyhanchuk, Stanislav"]
[WhiteFideId "4102924"]
[BlackFideId "13505130"]
[WhiteElo "2287"]
[BlackElo "2173"]
[Result "0-1"]
[Round "04"]
[TimeControl "180+2"]
[Date "2023.05.23"]
[WhiteClock "0:00:00"]
[BlackClock "0:00:08"]

1. d4 Nf6 2. c4 e6 3. Nc3 Bb4 4. e3 c5 5. Ne2 O-O 6. a3 Bxc3+ 7. Nxc3 b6 8. d5 exd5 9. cxd5 d6 10. Be2 Ba6 11. O-O Bxe2 12. Qxe2 Nbd7 13. e4 Re8 14. Bf4 Ne5 15. h3 a6 16. a4 Nfd7 17. Bh2 Qe7 18. f4 Ng6 19. Rae1 f6 20. Qc2 Rab8 21. Qd3 Ra8 22. Kh1 Reb8 23. Rb1 Qe8 24. b4 Rc8 25. Qd2 Rab8 26. Rfe1 cxb4 27. Rxb4 Nc5 28. Qd4 a5 29. Rbb1 Qd7 30. Nb5 Re8 31. Rb2 Rb7 32. Rbe2 Rbb8 33. Bg3 Qe7 34. Kh2 Nd7 35. Qd3 Rec8 36. Qd4 Rc5 37. e5 fxe5 38. fxe5 Ngxe5 39. Qe4 Re8 40. Na7 Nf6 41. Qf5 Nxd5 42. Bxe5 dxe5 43. Rxe5 Qc7 44. Kh1 Ne7 45. Rxe7 Rxe7 0-1


[Site "https://www.chess.com"]

[Event "Titled Tuesday Blitz May 23 Early 2023"]
[White "Fiorito, Joaquin"]
[Black "Ruge, Edison"]
[WhiteFideId "180173"]
[BlackFideId "4401000"]
[WhiteElo "2157"]
[BlackElo "2175"]
[Result "1-0"]
[Round "04"]
[TimeControl "180+2"]
[Date "2023.05.23"]
[WhiteClock "0:02:44"]
[BlackClock "0:02:33"]

1. d4 d5 2. c4 e5 3. dxe5 d4 4. Nf3 Nc6 5. a3 Bg4 6. Bf4 Bxf3 7. exf3 Nge7 8. Bd3 Ng6 9. Bxg6 hxg6 10. b4 Nxb4 11. axb4 1-0


[Site "https://www.chess.com"]

[Event "Titled Tuesday Blitz May 23 Early 2023"]
[White "Jaivardhan Raj"]
[Black "brm72"]
[WhiteFideId "25744437"]
[WhiteElo "1772"]
[BlackElo "2588"]
[Result "0-1"]
[Round "04"]
[TimeControl "180+2"]
[Date "2023.05.23"]
[WhiteClock "0:00:19"]
[BlackClock "0:00:30"]

1. e4 c5 2. Nf3 d6 3. d4 cxd4 4. Qxd4 Nc6 5. Qe3 g6 6. c4 Bg7 7. Nc3 Nf6 8. h3 O-O 9. Be2 b6 10. O-O Bb7 11. Rd1 Nd7 12. Rb1 Rc8 13. b3 a6 14. Bb2 Nc5 15. Nd2 Nd4 16. Rdc1 Nxe2+ 17. Nxe2 Bxb2 18. Rxb2 b5 19. cxb5 axb5 20. Rbc2 Qa5 21. e5 Ne6 22. exd6 exd6 23. Rxc8 Rxc8 24. Rxc8+ Bxc8 25. Ne4 Qxa2 26. Nf6+ Kg7 27. Ne8+ Kg8 28. Nxd6 Bd7 29. Ne4 Qa1+ 30. Kh2 Qe5+ 31. f4 Qb2 32. N2c3 Bc6 33. Nf6+ Kg7 34. Ng4 Qxg2# 0-1


[Site "https://www.chess.com"]

[Event "Titled Tuesday Blitz May 23 Early 2023"]
[White "Torres Dominguez, David"]
[Black "Miranda, Rafael"]
[WhiteFideId "2220857"]
[BlackFideId "130990"]
[WhiteElo "1999"]
[BlackElo "2204"]
[Result "0-1"]
[Round "04"]
[TimeControl "180+2"]
[Date "2023.05.23"]
[WhiteClock "0:00:00"]
[BlackClock "0:01:00"]

1. e4 c5 2. Nc3 e6 3. f4 Nc6 4. Nf3 d5 5. Bb5 Ne7 6. exd5 exd5 7. Qe2 Be6 8. Bxc6+ bxc6 9. O-O h6 10. d4 Nf5 11. Be3 Be7 12. dxc5 Bf6 13. Rad1 Qb8 14. Nd4 O-O 15. Nxe6 fxe6 16. Bc1 e5 17. Qg4 e4 18. Kh1 Qc8 19. Ne2 Rb8 20. Ng3 Nxg3+ 21. Qxg3 Bxb2 22. Bxb2 Rxb2 23. f5 Rxf5 24. Rxf5 Qxf5 25. h3 Rxc2 26. Rb1 Qf2 27. Qg4 Kh7 0-1


[Site "https://www.chess.com"]